 Dungeon Crawl Stone Soup version 0.28-a0-1213-g0243856f03 (webtiles) character file.

Game seed: 351026758329989089

16 siradein the Skirmisher (level 2, -1/26 HPs)
             Began as a Ghoul Abyssal Knight on Dec 21, 2021.
             Was a Follower of Lugonu.
             Killed from afar by an orc wizard (6 damage)
             ... with a magic dart
             ... on level 1 of the Dungeon.
             The game lasted 00:02:37 (1358 turns).

siradein the Skirmisher (Ghoul Abyssal Knight)      Turns: 1358, Time: 00:02:37

Health: -1/26      AC:  3    Str: 16    XL:     2   Next: 54%
Magic:  2/2        EV: 11    Int:  5    God:    Lugonu [*.....]
Gold:   0          SH:  0    Dex:  9    Spells: 1/1 levels left

rFire   . . .      SeeInvis .   h - +0 great sword
rCold   + . .      Faith    .   (shield currently unavailable)
rNeg    + + +      Spirit   .   b - +0 leather armour
rPois   ∞          Reflect  .   (no helmet)
rElec   .          Harm     .   (no cloak)
rCorr   .          Rampage  .   (no gloves)
Will    .....                   (no boots)
Stlth   ..........              (no amulet)
HPRegen 0.00/turn               (no ring)
MPRegen 0.08/turn               (no ring)

@: confused, inhibited regen
A: claws 1, cold resistance 1, negative energy resistance 3, inhibited
regeneration, torment resistance 2
a: Renounce Religion, Depart the Abyss


You were on level 1 of the Dungeon.
You worshipped Lugonu.
Lugonu was aware of your devotion.
You visited 1 branch of the dungeon, and saw 2 of its levels.
You visited the Abyss 1 time.

Inventory:

Hand Weapons
 a - a +1 falchion
 h - a +0 great sword (weapon)
Armour
 b - a +0 leather armour (worn)
Jewellery
 f - a ring of fire
Scrolls
 d - a scroll of identify {unknown}
 g - a scroll of noise {unknown}
Potions
 c - a potion of lignification {unknown}
 e - a potion of flight {unknown}


   Skills:
 + Level 3.4 Fighting
 + Level 2.0 Long Blades
 + Level 2.0 Armour
 + Level 1.2 Dodging
 + Level 2.2 Invocations


You had one spell level left.
You didn't know any spells.
Your spell library contained the following spells:

 Spells                   Type           Power      Damage    Failure   Level
 Gell's Gravitas          Tloc           0%         N/A       89%         3
 Teleport Other           Tloc           0%         N/A       89%         3
 Dispersal                Tloc           0%         N/A       100%        6


Dungeon Overview and Level Annotations

Branches:
Dungeon (2/15)

Altars:


Innate Abilities, Weirdness & Mutations

You thrive by killing the living.
You are immune to poison.
You have sharp fingernails.
Your flesh is cold resistant. (rC+)
You are immune to negative energy. (rN+++)
You do not regenerate when monsters are visible.
You are immune to unholy pain and torment.


Message History

An orc comes into view. It is wielding a +0 flail.
The orc wizard closely misses you.
You miss the orc wizard.
The orc wizard gestures at you while chanting.
The puff of flame hits you.
You are too injured to fight recklessly!
You are too injured to fight recklessly!
You are too injured to fight recklessly!
You closely miss the orc wizard. The orc wizard barely misses you.
A goblin comes into view. It is wielding a +0 club.
The orc wizard casts a spell at you. You resist with significant effort.
The goblin shouts!
You closely miss the orc wizard.
The orc wizard hits you with a +0 dagger.
* * * LOW HITPOINT WARNING * * *
The orc wizard barely misses you.
You hit the orc wizard but do no damage.
The orc wizard casts a spell.
The orc wizard flickers and vanishes!
Deactivating autopickup; reactivate with Ctrl-A.
You hear some strange, mumbled words.
You are confused.
You climb upwards.
Reactivating autopickup.
There is a stone staircase leading down here.
You hear some strange, mumbled words.
Deactivating autopickup; reactivate with Ctrl-A.
You are more confused.
You miss something.
Something hits you but does no damage. x2
You bump into the rock wall.
You hear some strange, mumbled words.
Something tries to affect you, but you resist.
You bump into the rock wall.
Something hits you but does no damage.
You bump into the rock wall.
Something hits you.
* * * LOW HITPOINT WARNING * * *
You hear some strange, mumbled words.
A magic dart appears from out of thin air!
The magic dart hits you.
You die...

####..8.8..####♣.♣......♣# ♣♣♣
#.......# ♣♣..........###
♣.♣♣###...###♣♣.............#
♣....♣#'''#♣♣♣....♣♣♣######.#
♣...............### ##.#
##♣♣..[....♣♣♣###### #..#
♣♣♣♣...♣.♣##....# #.##
#############..##.#######.####
#..)......# #@................
#.###.#...###.{##.############
#.# #.#...+.#..##.# #.#
#.#...#.#.....# #.#
###...'....############### #.#
#...###................. #.#
#...# #####.......###### #.#
#...# #.......# #.# #...#
#.......#


There were no monsters in sight!

Vanquished Creatures
  A dart slug (D:1)
  An orc (D:1)
  A ball python (D:1)
  2 endoplasms (D:1)
  3 hobgoblins (D:1)
  A kobold (D:1)
  2 rats (D:1)
11 creatures vanquished.

Notes
Turn   | Place    | Note
-------+----------+-------------------------------------------
     0 | Abyss:1  | siradein the Ghoul Abyssal Knight began the quest for the
                  | Orb.
     0 | Abyss:1  | Reached XP level 1. HP: 19/19 MP: 1/1
    17 | D:1      | Escaped the Abyss
   161 | D:1      | Reached skill level 1 in Dodging
   495 | D:1      | Reached XP level 2. HP: 22/26 MP: 2/2
   732 | D:1      | Found a faded altar of an unknown god.
  1358 | D:1      | Killed from afar by an orc wizard

Illustrated notes

Levels and vault maps discovered:
D:1:      sevenhm_arrival_forest_fort_large_2, layout_basic,
          hellmonk_ecumenical_altar_crossroads
D:2:      layout_basic, uniq_robin

Skill      XL: |  1  2 |
---------------+-------+-----
Dodging        | 1 |  1.2
Long Blades    | 2 |  2.0
Armour         | 2 |  2.0
Fighting       | |  3.4
Invocations    | |  2.2

Action                   || total
-------------------------++-------
Melee: Falchion          ||    28
       Great sword       ||    15
Armor: Leather armour    ||     9
Dodge: Dodged            ||    24

Table legend: (Time is in decaauts)
 A = Elapsed time spent in this place.
 B = Non-inter-level travel time spent in this place.
 C = Inter-level travel time spent in this place.
 D = Time resting spent in this place.
 E = Time spent auto-exploring this place.
 F = Levels seen in this place.
 G = Mean time per level.
                   A        B        C        D        E       F      G
               +--------+--------+--------+--------+--------+-----+--------+
         Total |   1374 |   1332 |     42 |    150 |    988 |   3 |  458.0 |
       Dungeon |   1357 |   1315 |     42 |    150 |    976 |   2 |  678.5 |
         Abyss |     17 |     17 |      0 |      0 |     12 |   1 |   17.0 |
               +--------+--------+--------+--------+--------+-----+--------+

Top non-repeatable levels by time:
     D:1: 1341 daAuts
 Abyss:1: 17 daAuts
     D:2: 16 daAuts
